 Dungeon Crawl Stone Soup version 0.20-a0-432-g25cc1b4 (webtiles) character file.

105 wazuzu the Insei (level 4, 0/31 HPs)
             Began as an Octopode Transmuter on Jan 2, 2017.
             Was a Follower of Zin.
             Slain by an orc
             ... wielding a +0 club
              (3 damage)
             ... on level 3 of the Dungeon.
             The game lasted 00:04:15 (2433 turns).

wazuzu the Insei (Octopode Transmuter)              Turns: 2433, Time: 00:04:16

Health: 0/31       AC:  1    Str:  9    XL:     4   Next: 83%
Magic:  7/7        EV: 13    Int: 15    God:    Zin [*.....]
Gold:   113        SH:  0    Dex: 13    Spells: 3/7 levels left

rFire  . . .     SeeInvis .       - Unarmed
rCold  . . .     Gourm    .     (no shield)
rNeg   . . .     Faith    .     (helmet restricted)
rPois  .         Spirit   .     (no amulet)
rElec  .         Reflect  .     (no ring)
rCorr  .         Harm     .     (no ring)
MR     .....                    (no ring)
Stlth  ++........               (no ring)
                                (no ring)
                                (no ring)
                                (no ring)
                                (no ring)

@: no status effects
A: almost no armour, stealthy swim, amphibious, 8 rings, constrict 8, camouflage
1, gelatinous body 1
a: Recite, Donate Gold, Renounce Religion


You were on level 3 of the Dungeon.
You worshipped Zin.
Zin was aware of your devotion.
You were hungry.

You visited 1 branch of the dungeon, and saw 3 of its levels.

You collected 125 gold pieces.
You donated 12 gold pieces to Zin.

Inventory:

Missiles
 a - 27 arrows
Scrolls
 e - a scroll of immolation {unknown}
 f - a scroll of remove curse {unknown}
 i - 3 scrolls of identify {unknown}
 j - a scroll of blinking {unknown}
 k - a scroll of enchant weapon {unknown}
Potions
 d - a potion of curing {unknown}
 g - a potion of agility {unknown}
 l - a potion of magic {unknown}
Books
 b - a book of Changes

   Spells                             Type                      Level
   a - Beastly Appendage              Transmutation                1
   b - Sticks to Snakes               Transmutation                2
   c - Spider Form                    Transmutation/Poison         3
   d - Ice Form                       Ice/Transmutation            4
   e - Blade Hands                    Transmutation                5
Comestibles
 c - 2 bread rations
 h - 2 meat rations


   Skills:
 + Level 3.2 Fighting
 - Level 2.0 Dodging
 + Level 4.2 Unarmed Combat
 - Level 2.0 Spellcasting
 - Level 2.0 Transmutations


You had 3 spell levels left.
You knew the following spells:

 Your Spells              Type           Power        Failure   Level  Hunger
a - Beastly Appendage     Tmut           #.....       12%         1    #......
b - Spider Form           Tmut/Pois      #.........   43%         3    ###....


Dungeon Overview and Level Annotations

Branches:
Dungeon (3/15)

Altars:
Sif Muna
Zin


Innate Abilities, Weirdness & Mutations

You cannot wear most types of armour.
You are very stealthy in the water. (Stealth+)
You are amphibious.
You can wear up to eight rings at the same time.
You can use your tentacles to constrict eight enemies at once.
Your skin changes colour to match your surroundings (Stealth+).
Your rubbery body absorbs attacks. (AC +1, EV +1)


Message History

The orc priest hits you with a short sword!
* * * LOW HITPOINT WARNING * * *
Things that are here:
a trident; a leather armour; an orc corpse You barely miss the orc priest.
You grab the orc priest. You constrict the orc priest.
The orc hits you but does no damage.
The orc priest hits you with a short sword.
* * * LOW HITPOINT WARNING * * *
You tentacle-slap the orc priest.
The orc priest is heavily wounded.
You constrict the orc priest. The orc priest barely misses you.
You tentacle-slap the orc priest.
You kill the orc priest!
Your Fighting skill increases to level 3!
You closely miss the orc. Your grab misses the orc.
You squeeze the orc, but do no damage. You tentacle-slap the orc.
Your grab misses the orc.
The orc is lightly wounded.
The orc hits you with a club.
You die...

#......................'........
#.###.......##.........####....#
#.# #.##..#####.......## ##.##.
#.# #.##..# #......## #.###
#.###.##..### #.#...## #.#
#...............##+## #.#
#####.########### # #.#
#.############.#### #.#
#..........@oo....# #.#
#############...#.# #.# .....#
......# #.#...# ##..?. ###


You could see 2 orcs.

Vanquished Creatures
  An orc priest (D:3)
  An adder (D:2)
  2 oozes
  A worm (D:2)
  2 dart slugs
  3 leopard geckos
  An orc (D:3)
  5 bats
  3 giant cockroaches
  3 goblins
  5 hobgoblins
  3 jackals (D:2)
  10 kobolds
  A frilled lizard (D:2)
  8 rats
49 creatures vanquished.

Notes
Turn   | Place    | Note
-------+----------+-------------------------------------------
     0 | D:1      | wazuzu the Octopode Transmuter began the quest for the Orb.
     0 | D:1      | Reached XP level 1. HP: 13/13 MP: 3/3
   366 | D:1      | Reached XP level 2. HP: 14/18 MP: 5/5
   886 | D:1      | Reached XP level 3. HP: 19/24 MP: 6/6
  1267 | D:2      | Learned a level 3 spell: Spider Form
  1705 | D:2      | Reached skill level 4 in Unarmed Combat
  1705 | D:2      | Reached XP level 4. HP: 22/30 MP: 7/7
  1818 | D:2      | Found a deep blue altar of Sif Muna.
  1992 | D:2      | Found a glowing silver altar of Zin.
  1993 | D:2      | Noticed an angel
  2000 | D:2      | Became a worshipper of Zin the Law-Giver
  2066 | D:2      | Reached * piety under Zin
  2433 | D:3      | Slain by an orc

Vault maps used:
D:1:      shiori_arrival_elements
D:2:      zin_angel, led_sif_pool, serial_co_window_serial, co_window_cross_1,
          co_window_paths_a, co_window_of_opportunity_a,
          co_window_of_opportunity_a, co_window_of_opportunity_a,
          co_window_corner_a, co_window_broadway_c, co_window_corner_ca,
          co_window_of_opportunity_c, co_window_sun, glass_columns_a
D:3:      overflow_temple_1_default, tgw_trog, yredelemnul_altar_generic,
          uniq_grinder

Skill      XL: |  1  2  3  4 |
---------------+-------------+-----
Fighting       | 2 3 |  3.2
Unarmed Combat | 4 |  4.2
Dodging        | |  2.0
Spellcasting   | |  2.0
Transmutations | |  2.0

Action                   |  1- 3 |  4- 6 || total
-------------------------+-------+-------++-------
Melee: Unarmed           |    90 |    39 ||   129
       Constrict         |    23 |    10 ||    33
       Tentacles         |    15 |     7 ||    22
       Punch             |     1 |     1 ||     2
  Use: Scroll            |     1 |       ||     1
 Stab: Sleeping          |     8 |     1 ||     9
       Distracted        |     1 |       ||     1
  Eat: Chunk             |     2 |     2 ||     4
Armor: Skin              |    11 |     4 ||    15
Dodge: Dodged            |    51 |    24 ||    75
